 Dungeon Crawl Stone Soup version 0.20-a0-492-g6327889 (webtiles) character file.

113 M4edhros the Sneak (level 4, 0/28 HPs)
             Began as an Octopode Artificer on Jan 16, 2017.
             Succumbed to a worker ant's poison
             ... on level 4 of the Dungeon.
             The game lasted 00:00:56 (495 turns).

M4edhros the Sneak (Octopode Artificer)              Turns: 495, Time: 00:00:56

Health: 0/28       AC:  1    Str: 11    XL:     4   Next: 96%
Magic:  6/6        EV: 13    Int: 13    God:
Gold:   41         SH:  0    Dex: 13    Spells: 3/3 levels left

rFire    . . .     SeeInvis .   a - +0 short sword
rCold    . . .     Gourm    .   (no shield)
rNeg     . . .     Faith    .   (helmet restricted)
rPois    .         Spirit   .   (no amulet)
rElec    .         Reflect  .   (no ring)
rCorr    .         Harm     .   (no ring)
MR       .....                  (no ring)
Stlth    ++++......             (no ring)
Regen    0.0/turn               (no ring)
                                (no ring)
                                (no ring)
                                (no ring)

@: lethally poisoned (0 -> -4)
A: almost no armour, stealthy swim, amphibious, 8 rings, constrict 8, camouflage
1, gelatinous body 1
a: no special abilities


You were on level 4 of the Dungeon.
You were not hungry.

You visited 1 branch of the dungeon, and saw 4 of its levels.

You collected 41 gold pieces.

Inventory:

Hand Weapons
 a - a +0 short sword (weapon)
Wands
 b - a wand of flame (15/48)
 c - a wand of enslavement (7/24)
 d - a wand of random effects (14/48)
Scrolls
 e - a scroll of enchant weapon {unknown}
 i - a scroll of identify {unknown}
Comestibles
 f - 2 bread rations
 g - a meat ration


   Skills:
 - Level 1.0 Fighting
 - Level 1.0 Short Blades
 - Level 2.0 Dodging
 + Level 6.6 Stealth
 - Level 3.2 Evocations


You had 3 spell levels left.
You didn't know any spells.

Dungeon Overview and Level Annotations

Branches:
Dungeon (4/15)
 Temple: D:4-7

Altars:


Innate Abilities, Weirdness & Mutations

You cannot wear most types of armour.
You are very stealthy in the water. (Stealth+)
You are amphibious.
You can wear up to eight rings at the same time.
You can use your tentacles to constrict eight enemies at once.
Your skin changes colour to match your surroundings (Stealth+).
Your rubbery body absorbs attacks. (AC +1, EV +1)


Message History

The gnoll looks more experienced.
Unknown command.
Unknown command.
The jackal closely misses you. The adder bites you but does no damage.
The jackal misses you.
Unknown command.
Unknown command.
* * * LOW HITPOINT WARNING * * *
You feel sick.
Unknown command.
Unknown command.
The adder barely misses you.
There is a stone staircase leading up here.
Unknown command.
Evoke which item? (* to show all) (? for menu, Esc to quit)
Aiming: Enslavement
Press: ? - help, Shift-Dir - straight line, f/p - jackal
Aim: a jackal (chance to defeat MR: 72%)
The adder struggles to resist.
This wand has 7 charges left.
You die...

.......)#.##.#
......†)..#
..##...h###
......g.#
.......g#
####...h# #
#....# .#
#..hh###..#
#####S@..#
#..#### #..##
....# ..####


You could see an adder and 2 jackals.

Vanquished Creatures
  An ogre (D:4)
  A dart slug (D:1)
  A leopard gecko (D:1)
  5 bats
  2 giant cockroaches
  A goblin (D:1)
  2 hobgoblins (D:1)
  A kobold (D:1)
  A frilled lizard (D:1)
  2 rats
17 creatures vanquished.

Vanquished Creatures (collateral kills)
  A gnoll (D:4)
1 creature vanquished.

Vanquished Creatures (others)
  A worker ant (D:4)
  A gnoll (D:4)
2 creatures vanquished.

Grand Total: 20 creatures vanquished

Notes
Turn   | Place    | Note
-------+----------+-------------------------------------------
     0 | D:1      | M4edhros the Octopode Artificer began the quest for the Orb.
     0 | D:1      | Reached XP level 1. HP: 13/13 MP: 3/3
    24 | D:1      | Reached skill level 2 in Stealth
    78 | D:1      | Reached XP level 2. HP: 12/18 MP: 4/4
    92 | D:1      | Reached skill level 3 in Stealth
   462 | D:4      | Noticed an ogre
   471 | D:4      | Killed an ogre
   471 | D:4      | Reached skill level 6 in Stealth
   471 | D:4      | Reached XP level 3. HP: 23/23 MP: 5/5
   471 | D:4      | Reached XP level 4. HP: 28/28 MP: 6/6
   492 | D:4      | HP: 1/28 [poisoned by a worker ant]
   495 | D:4      | Succumbed to a worker ant's poison

Vault maps used:
D:1:      eino_arrival_water_star
D:2:      st_stairs_11
D:3:      nicolae_ru_path_of_blood, uniq_robin
D:4:      first_bread, serial_shops, nicolae_shop_trees,
          kennysheep_generic_room_5

Skill      XL: |  1  2 |
---------------+-------+-----
Stealth        | 2 6 |  6.6
Fighting       | |  1.0
Short Blades   | |  1.0
Dodging        | |  2.0
Evocations     | |  3.2

Action                   |  1- 3 |  4- 6 || total
-------------------------+-------+-------++-------
Melee: Short sword       |    36 |     5 ||    41
       Tentacles         |     8 |       ||     8
       Constrict         |     7 |     1 ||     8
Evoke: Wand              |     1 |     8 ||     9
 Stab: Paralysed         |     2 |       ||     2
       Sleeping          |     1 |       ||     1
Armor: Skin              |     7 |     1 ||     8
Dodge: Dodged            |    27 |    14 ||    41
